 Dungeon Crawl Stone Soup version 0.31-a0-145-g046c7d2549 (webtiles) character file.

Game seed: 5784663636940268653

21 Irreverend the Ducker (level 2, 0/22 HPs)
             Began as a Vampire Gladiator on June 6, 2023.
             Slain by a cerulean imp
             ... wielding a +2 spear
             ... summoned by Natasha
              (4 damage)
             ... on level 2 of the Dungeon.
             The game lasted 00:01:19 (691 turns).

Irreverend the Ducker (Vampire Gladiator)            Turns: 691, Time: 00:01:19

Health: 0/22       AC:  4    Str: 13    XL:     2   Next: 62%
Magic:  2/2        EV: 13    Int: 10    God:
Gold:   49         SH:  0    Dex: 15    Spells: 1/1 levels left

rFire   . . .        n - +2 long sword (elec)
rCold   . . .        (no shield)
rNeg    . . .        b - +0 leather armour
rPois   .            c - +0 helmet
rElec   .            (no cloak)
rCorr   .            (no gloves)
SInv    +            (no boots)
Will    .....        (no amulet)
Stlth   +            (no ring)
HPRegen 0.43/turn    (no ring)
MPRegen 0.08/turn

%: no passive effects
@: healing quickly
A: alive, fangs 3, see invisible, vampiric 1
a: Exsanguinate


You were on level 2 of the Dungeon.
You visited 1 branch of the dungeon, and saw 2 of its levels.

You collected 49 gold pieces.

Inventory:

Hand Weapons
 a - a +0 long sword
 g - a +2 dagger of venom
 n - a +2 long sword of electrocution (weapon)
Missiles
 d - 3 throwing nets (quivered)
 e - a javelin
Armour
 b - a +0 leather armour (worn)
 c - a +0 helmet (worn)
Scrolls
 h - a scroll of identify {unknown}
 i - a scroll of amnesia {unknown}
 j - a scroll of teleportation {unknown}
 k - a scroll of summoning {unknown}
 l - a scroll of noise {unknown}
Potions
 f - a potion of ambrosia {unknown}
 m - a potion of attraction {unknown}


   Skills:
 + Level 2.1 Fighting
 * Level 3.5 Long Blades
 - Level 1.5 Throwing
 + Level 3.6 Dodging


You had one spell level left.
You didn't know any spells.
Your spell library was empty.

Dungeon Overview and Level Annotations

Branches:
Dungeon (2/15)

Altars:

Shops:
D:1 (

Annotations:
D:2 Natasha


Innate Abilities, Weirdness & Mutations

Your natural rate of healing is accelerated.
You have razor-sharp teeth.
You have supernaturally acute eyesight. (SInv)
You are afflicted with vampirism.


Message History

Natasha casts a spell.
You slash the cerulean imp!
The cerulean imp is severely wounded.
Natasha closely misses you.
The cerulean imp hits you with a +2 spear.
You hit the cerulean imp.
The cerulean imp is severely wounded.
Natasha howls an incantation.
You feel disoriented. Natasha claws you. The cerulean imp closely misses you.
You closely miss the cerulean imp.
The cerulean imp is severely wounded.
Natasha stares at you and mumbles some strange words.
You resist with significant effort. The cerulean imp closely misses you.
Natasha misses you.
You miss the cerulean imp.
The cerulean imp is severely wounded.
The cerulean imp hits you but does no damage.
Natasha claws you but does no damage. The cerulean imp completely misses you.
You barely miss the cerulean imp.
The cerulean imp is severely wounded.
Natasha claws you. The cerulean imp barely misses you.
You are too injured to fight recklessly!
You are too injured to fight recklessly!
You are too injured to fight recklessly!
You are too injured to fight recklessly!
You are too injured to fight recklessly!
You are too injured to fight recklessly!
You are too injured to fight recklessly!
You are too injured to fight recklessly!
You are too injured to fight recklessly!
You are too injured to fight recklessly!
You are too injured to fight recklessly!
You are too injured to fight recklessly!
You are too injured to fight recklessly!
You are too injured to fight recklessly!
Natasha claws you.
* * * LOW HITPOINT WARNING * * *
The cerulean imp hits you from afar with a +2 spear.
You die...

.#.#### #
#......#..#.#.#.<#.#
#......#... ..#..#.###
#.#....#..#.#.#......#
.........#..#.#.#....#.#
........#..#.#...#..#
###..##...#..#.#..†...#
#........h#..#.#..###...#
........5.@..#.#..#########
..........##.#.#...........
.............#.#.##########
..###....###.#........... #
#.....###.############
#.#................#
#.#....##.###.#.#..#
#.#...........#.#..###
#.####....#####.##....


You could see Natasha and a cerulean imp (summoned).

Vanquished Creatures
  2 ball pythons (D:1)
  A bat (D:1)
  4 endoplasms
  A goblin (D:2)
  3 hobgoblins
  A quokka (D:1)
  4 kobolds (D:1)
16 creatures vanquished.

Notes
Turn   | Place    | Note
-------+----------+-------------------------------------------
     0 | D:1      | Irreverend the Vampire Gladiator began the quest for the
                  | Orb.
     0 | D:1      | Reached XP level 1. HP: 16/16 MP: 1/1
    90 | D:1      | Found a faded altar of an unknown god.
   178 | D:1      | Found Hupimuen's Antique Weapon Emporium.
   220 | D:1      | Reached XP level 2. HP: 15/22 MP: 2/2
   674 | D:2      | Noticed Natasha
   691 | D:2      | Slain by a cerulean imp

Illustrated notes

Levels and vault maps discovered:
D:1:      lemuel_arrival_tunnels, layout_rooms, serial_shops,
          nicolae_shop_tiny_waterfront, shapermc_ecumenical_altar_mp_highgroup,
          nrook_campfire
D:2:      layout_basic, uniq_natasha

Skill      XL: |  1 |
---------------+----+-----
Fighting       | 2 |  2.1
Long Blades    | |  3.5
Throwing       | |  1.5
Dodging        | |  3.6

Action                     || total
---------------------------++-------
  Melee: Dagger            ||    37
         Long sword        ||    10
         Bite              ||     6
 Armour: Leather armour    ||    17
  Dodge: Dodged            ||    33

Table legend: (Time is in decaauts)
 A = Elapsed time spent in this place.
 B = Non-inter-level travel time spent in this place.
 C = Inter-level travel time spent in this place.
 D = Time resting spent in this place.
 E = Time spent auto-exploring this place.
 F = Levels seen in this place.
 G = Mean time per level.
                   A        B        C        D        E       F      G
               +--------+--------+--------+--------+--------+-----+--------+
         Total |    688 |    677 |     11 |      0 |    552 |   2 |  344.0 |
       Dungeon |    688 |    677 |     11 |      0 |    552 |   2 |  344.0 |
               +--------+--------+--------+--------+--------+-----+--------+

Top non-repeatable levels by time:
     D:1: 580 daAuts
     D:2: 108 daAuts
